| TOP OF THE 1ST |
|
Quad Cities Angels batting - Pitching for Wisconsin Rapids Timber Rattlers : RHP Timothy Kammeyer
|
|
Pitching: RHP Timothy Kammeyer
|
|
|
Batting: RHB Rolando Roomes
|
0-0: Ball 1-0: SINGLE (Flyball, 9LS, EV 92.5 MPH)
|
|
Batting: RHB Oscar Mejia
|
0-0: Ball 1-0: Called Strike 1-1: Reached on error, E6 (Groundball, 6, EV 86.3 MPH) Rolando Roomes to second
|
|
Batting: RHB Dionisio DeJesus
|
0-0: Ball 1-0: Ball 2-0: Swinging Strike 2-1: Called Strike 2-2: Foul Ball, location: 2F 2-2: Strikes out swinging
|
|
Batting: LHB Chuck Sandberg
|
0-0: Swinging Strike 0-1: Grounds into double play, 4-6-3 (Groundball, 4M, EV 103.8 MPH)
|
| Top of the 1st over - 0 runs, 1 hit, 1 error, 1 left on base; Quad Cities 0 - Wisconsin Rapids 0 |
| BOTTOM OF THE 1ST |
|
Wisconsin Rapids Timber Rattlers batting - Pitching for Quad Cities Angels : RHP Scott Munninghoff
|
|
Pitching: RHP Scott Munninghoff
|
|
|
Batting: RHB Charles Stafford
|
0-0: Ball 1-0: Ball 2-0: Ball 3-0: Called Strike 3-1: Base on Balls
|
|
Batting: RHB Tim Pyznarski
|
0-0: Ball 1-0: Swinging Strike 1-1: Foul Ball, location: 2F 1-2: Ball Charles Stafford steals 2nd base 2-2: Ball 3-2: Foul Ball, location: 2F 3-2: Foul Ball, location: 2F 3-2: Base on Balls
|
|
Batting: RHB Justin Andrews
|
0-0: Foul Ball, location: 2F 0-1: Fly out, F8 (Flyball, 8RM, EV 94.4 MPH)
|
|
Batting: LHB Greg Smith
|
0-0: Ball 1-0: Ball 2-0: Fielders Choice at 2nd, 3-6 (Groundball, 3, EV 90.0 MPH) Charles Stafford to third
|
|
Batting: LHB Jerry George
|
0-0: Ball 1-0: Ball Pickoff Throw by Catcher to First - Out!
|
| Bottom of the 1st over - 0 runs, 0 hits, 0 errors, 1 left on base; Quad Cities 0 - Wisconsin Rapids 0 |
| TOP OF THE 2ND |
|
Quad Cities Angels batting - Pitching for Wisconsin Rapids Timber Rattlers : RHP Timothy Kammeyer
|
|
Batting: RHB Greg Griffin
|
0-0: Fly out, F3 (Line Drive, 3, EV 67.5 MPH)
|
|
Batting: RHB Cecil Strawn
|
0-0: Called Strike 0-1: SINGLE (Flyball, 8LS, EV 96.9 MPH)
|
|
Batting: RHB Mark Riemer
|
0-0: Ball 1-0: Ball 2-0: Ball 3-0: Called Strike 3-1: Ground out 4-3 (Groundball, 34D, EV 75.6 MPH) Cecil Strawn to second
|
|
Batting: RHB Carlos Rios
|
0-0: Called Strike 0-1: Swinging Strike 0-2: Ball 1-2: Ball 2-2: Strikes out swinging
|
| Top of the 2nd over - 0 runs, 1 hit, 0 errors, 1 left on base; Quad Cities 0 - Wisconsin Rapids 0 |
| BOTTOM OF THE 2ND |
|
Wisconsin Rapids Timber Rattlers batting - Pitching for Quad Cities Angels : RHP Scott Munninghoff
|
|
Batting: LHB Jerry George
|
0-0: Ball 1-0: Ball 2-0: Called Strike 2-1: Foul Ball, location: 2F 2-2: Ball 3-2: Ground out 1-3 (Groundball, 13S, EV 75.0 MPH)
|
|
Batting: LHB Jeff Kenaga
|
0-0: Ball 1-0: SINGLE (Flyball, 34D, EV 89.4 MPH)
|
|
Batting: LHB Jimmy Hickman
|
0-0: Called Strike 0-1: Swinging Strike 0-2: Foul Ball, location: 2F 0-2: Ball 1-2: Foul Ball, location: 2F 1-2: Ball 2-2: Fielders Choice at 2nd, 3-6 (Groundball, 34, EV 104.4 MPH)
|
|
Batting: RHB Mitchell Cipolla
|
0-0: Foul Ball, location: 2F 0-1: Called Strike 0-2: Ball 1-2: Ball 2-2: Ball 3-2: Foul Ball, location: 2F 3-2: Base on Balls Jimmy Hickman to second
|
|
Batting: RHB Carlos Amezcua
|
0-0: Ball 1-0: Fly out, F9 (Flyball, 9, EV 85.0 MPH)
|
| Bottom of the 2nd over - 0 runs, 1 hit, 0 errors, 2 left on base; Quad Cities 0 - Wisconsin Rapids 0 |
| TOP OF THE 3RD |
|
Quad Cities Angels batting - Pitching for Wisconsin Rapids Timber Rattlers : RHP Timothy Kammeyer
|
|
Batting: RHB Lance Ediger
|
0-0: Reached on error, E9 (Line Drive, 9, EV 86.9 MPH)
|
|
Batting: RHB Rolando Roomes
|
0-0: Called Strike 0-1: Foul Ball, location: 2F 0-2: Strikes out looking
|
|
Batting: RHB Oscar Mejia
|
0-0: Ball 1-0: SINGLE (Line Drive, 89S, EV 106.3 MPH) Lance Ediger to second
|
|
Batting: RHB Dionisio DeJesus
|
0-0: Called Strike 0-1: Foul Ball, location: 2F 0-2: Fly out, F2 (Popup, 15S, EV 95.6 MPH)
|
|
Batting: LHB Chuck Sandberg
|
0-0: Fielders Choice at 2nd, 5-4 (Groundball, 5, EV 80.0 MPH)
|
| Top of the 3rd over - 0 runs, 1 hit, 1 error, 2 left on base; Quad Cities 0 - Wisconsin Rapids 0 |
| BOTTOM OF THE 3RD |
|
Wisconsin Rapids Timber Rattlers batting - Pitching for Quad Cities Angels : RHP Scott Munninghoff
|
|
Batting: RHB Charles Stafford
|
0-0: Foul Ball, location: 2F 0-1: Foul Ball, location: 2F 0-2: Foul Ball, location: 2F 0-2: Foul Ball, location: 2F 0-2: Foul Ball, location: 2F 0-2: Ball 1-2: SINGLE (Groundball, 6MD, EV 101.3 MPH)
|
|
Batting: RHB Tim Pyznarski
|
0-0: Ball 1-0: Foul Ball, location: 2F 1-1: Ball 2-1: Foul Ball, location: 2F 2-2: Ball 3-2: Ground out 4-3 (Groundball, 4, EV 93.1 MPH) Charles Stafford to second
|
|
Batting: RHB Justin Andrews
|
0-0: Ball Charles Stafford steals 3rd base 1-0: Ball 2-0: Swinging Strike 2-1: Called Strike 2-2: DOUBLE (Line Drive, 7LM, EV 98.1 MPH) Charles Stafford scores
|
|
Batting: LHB Greg Smith
|
0-0: Called Strike 0-1: Ball 1-1: Fly out, F9 (Line Drive, 9D, EV 93.8 MPH)
|
|
Batting: LHB Jerry George
|
0-0: Ball 1-0: Ball 2-0: Swinging Strike 2-1: Swinging Strike 2-2: Ball 3-2: Base on Balls
|
|
Batting: LHB Jeff Kenaga
|
0-0: Ball 1-0: SINGLE (Groundball, 4D, EV 96.3 MPH) Justin Andrews to third Jerry George to second Runner from 3rd tries for Home, SAFE, throw by CF to home
|
|
Batting: LHB Jimmy Hickman
|
0-0: Ground out 4-3 (Groundball, 4, EV 101.3 MPH)
|
| Bottom of the 3rd over - 2 runs, 3 hits, 0 errors, 2 left on base; Quad Cities 0 - Wisconsin Rapids 2 |
| TOP OF THE 4TH |
|
Quad Cities Angels batting - Pitching for Wisconsin Rapids Timber Rattlers : RHP Timothy Kammeyer
|
|
Batting: RHB Greg Griffin
|
0-0: Ball 1-0: Ball 2-0: Foul Ball, location: 2F 2-1: Called Strike 2-2: Ground out 6-3 (Groundball, 6M, EV 81.3 MPH)
|
|
Batting: RHB Cecil Strawn
|
0-0: SINGLE (Flyball, 56D, EV 91.3 MPH)
|
|
Batting: RHB Mark Riemer
|
0-0: Ball 1-0: Ball 2-0: Ball 3-0: Called Strike 3-1: Foul Ball, location: 2F 3-2: Base on Balls Cecil Strawn to second
|
|
Batting: RHB Carlos Rios
|
0-0: Ball 1-0: Ball 2-0: Called Strike 2-1: Foul Ball, location: 2F 2-2: Fly out, F8 (Flyball, 8LD, EV 100.6 MPH)
|
|
Batting: RHB Lance Ediger
|
0-0: Ball Passed Ball! Cecil Strawn to third Mark Riemer to second 1-0: Called Strike 1-1: Ball 2-1: Ball 3-1: Called Strike 3-2: Strikes out swinging
|
| Top of the 4th over - 0 runs, 1 hit, 0 errors, 2 left on base; Quad Cities 0 - Wisconsin Rapids 2 |
| BOTTOM OF THE 4TH |
|
Wisconsin Rapids Timber Rattlers batting - Pitching for Quad Cities Angels : RHP Scott Munninghoff
|
|
Batting: RHB Mitchell Cipolla
|
0-0: Ball 1-0: Ball 2-0: Ball 3-0: Base on Balls
|
|
Batting: RHB Carlos Amezcua
|
0-0: Ball 1-0: Ball 2-0: Called Strike 2-1: Ball 3-1: Called Strike 3-2: Fly out, F6 (Line Drive, 6, EV 69.4 MPH)
|
|
Batting: RHB Charles Stafford
|
0-0: SINGLE (Groundball, 56D, EV 99.4 MPH) Mitchell Cipolla to second
|
|
Batting: RHB Tim Pyznarski
|
0-0: Called Strike 0-1: Swinging Strike 0-2: Ball 1-2: Ball 2-2: Ball 3-2: Foul Ball, location: 2F 3-2: Fielders Choice at 2nd, 6-4 (Groundball, 56, EV 100.6 MPH) Mitchell Cipolla to third
|
|
Batting: RHB Justin Andrews
|
0-0: Ball 1-0: Called Strike 1-1: Ball 2-1: Ground out 6-3 (Groundball, 4MS, EV 81.9 MPH)
|
| Bottom of the 4th over - 0 runs, 1 hit, 0 errors, 2 left on base; Quad Cities 0 - Wisconsin Rapids 2 |
| TOP OF THE 5TH |
|
Quad Cities Angels batting - Pitching for Wisconsin Rapids Timber Rattlers : RHP Timothy Kammeyer
|
|
Batting: RHB Rolando Roomes
|
0-0: Foul Ball, location: 2F 0-1: Ball 1-1: Swinging Strike 1-2: Strikes out looking
|
|
Batting: RHB Oscar Mejia
|
0-0: Ball 1-0: Ball 2-0: Foul Ball, location: 2F 2-1: Ball 3-1: SINGLE (Line Drive, 7LS, EV 94.4 MPH)
|
|
Batting: RHB Dionisio DeJesus
|
0-0: Called Strike 0-1: Foul Ball, location: 2F 0-2: Strikes out looking
|
|
Batting: LHB Chuck Sandberg
|
0-0: Called Strike 0-1: Ball 1-1: Reached on error, E6 (Groundball, 6, EV 86.3 MPH) Oscar Mejia to second
|
|
Batting: RHB Greg Griffin
|
0-0: Called Strike 0-1: Ball 1-1: Ball 2-1: Ball 3-1: Base on Balls Oscar Mejia to third Chuck Sandberg to second
|
|
Batting: RHB Cecil Strawn
|
0-0: Ball 1-0: Ball 2-0: Called Strike 2-1: Foul Ball, location: 2F 2-2: Strikes out looking
|
| Top of the 5th over - 0 runs, 1 hit, 1 error, 3 left on base; Quad Cities 0 - Wisconsin Rapids 2 |
| BOTTOM OF THE 5TH |
|
Wisconsin Rapids Timber Rattlers batting - Pitching for Quad Cities Angels : RHP Scott Munninghoff
|
|
Batting: LHB Greg Smith
|
0-0: Foul Ball, location: 2F 0-1: Ball 1-1: Ball 2-1: Ball 3-1: SINGLE (Flyball, 8LS, EV 98.1 MPH)
|
|
Batting: LHB Jerry George
|
0-0: Foul Ball, location: 2F 0-1: Foul Ball, location: 2F 0-2: Ball 1-2: Ball 2-2: Foul Ball, location: 2F 2-2: Ball 3-2: SINGLE (Line Drive, 4M, EV 97.5 MPH) Greg Smith to second Greg Smith to third
|
|
Batting: LHB Jeff Kenaga
|
0-0: Ball 1-0: Foul Ball, location: 2F 1-1: Ball 2-1: Fly out, F8 (Flyball, 89D, EV 90.6 MPH) Runner from 3rd tags up, SCORES, throw by CF
|
|
Batting: LHB Jimmy Hickman
|
0-0: Called Strike 0-1: Ball 1-1: Fly out, F9 (Flyball, 89S, EV 90.6 MPH)
|
|
Batting: RHB Mitchell Cipolla
|
0-0: Ball 1-0: Foul Ball, location: 2F 1-1: Ball 2-1: Called Strike 2-2: 2-RUN HOME RUN (Flyball, 7D, EV 111.3 MPH), Distance : 373 ft
|
|
Pitching: RHP Rickey Lear
|
|
|
Batting: RHB Carlos Amezcua
|
0-0: Called Strike 0-1: Foul Ball, location: 2F 0-2: Fly out, F8 (Flyball, 8LM, EV 79.4 MPH)
|
| Bottom of the 5th over - 3 runs, 3 hits, 0 errors, 0 left on base; Quad Cities 0 - Wisconsin Rapids 5 |
| TOP OF THE 6TH |
|
Quad Cities Angels batting - Pitching for Wisconsin Rapids Timber Rattlers : RHP Timothy Kammeyer
|
|
Batting: RHB Mark Riemer
|
0-0: Called Strike 0-1: Foul Ball, location: 2F 0-2: Ball 1-2: Foul Ball, location: 2F 1-2: SINGLE (Flyball, 9LS, EV 96.3 MPH) - OUT at second base trying to stretch hit.
|
|
Batting: RHB Carlos Rios
|
0-0: Ball 1-0: Called Strike 1-1: Ball 2-1: Fly out, F4 (Popup, 13, EV 70.0 MPH)
|
|
Batting: RHB Lance Ediger
|
0-0: Ball 1-0: Ball 2-0: Swinging Strike 2-1: DOUBLE (Flyball, 8LD, EV 90.0 MPH)
|
|
Batting: RHB Rolando Roomes
|
0-0: Single, Error in OF, E8, batter to second base (Line Drive, 78M, EV 88.8 MPH) Lance Ediger scores
|
|
Batting: RHB Oscar Mejia
|
0-0: Ball 1-0: Fly out, F6 (Flyball, 6MD, EV 83.8 MPH)
|
| Top of the 6th over - 1 run, 3 hits, 1 error, 1 left on base; Quad Cities 1 - Wisconsin Rapids 5 |
| BOTTOM OF THE 6TH |
|
Wisconsin Rapids Timber Rattlers batting - Pitching for Quad Cities Angels : RHP Rickey Lear
|
|
Batting: RHB Charles Stafford
|
0-0: Called Strike 0-1: Called Strike 0-2: Ball 1-2: Ball 2-2: Strikes out swinging
|
|
Batting: RHB Tim Pyznarski
|
0-0: Called Strike 0-1: Ball 1-1: Swinging Strike 1-2: Ball 2-2: Ball 3-2: Base on Balls
|
|
Batting: RHB Justin Andrews
|
0-0: Ball Wild Pitch! Tim Pyznarski to second 1-0: Called Strike Tim Pyznarski steals 3rd base (no throw) 1-1: Foul Ball, location: 2F 1-2: Ground out 6-3 (Groundball, 6, EV 101.3 MPH) Tim Pyznarski scores
|
|
Batting: LHB Greg Smith
|
0-0: Ball 1-0: Ball 2-0: Ground out 5-3 (Groundball, 5, EV 86.3 MPH)
|
| Bottom of the 6th over - 1 run, 0 hits, 0 errors, 0 left on base; Quad Cities 1 - Wisconsin Rapids 6 |
| TOP OF THE 7TH |
|
Quad Cities Angels batting - Pitching for Wisconsin Rapids Timber Rattlers : RHP Timothy Kammeyer
|
|
Batting: RHB Dionisio DeJesus
|
0-0: Swinging Strike 0-1: Ball 1-1: Foul Ball, location: 2F 1-2: Foul Ball, location: 2F 1-2: Fly out, F8 (Flyball, 8LD, EV 101.3 MPH)
|
|
Batting: LHB Chuck Sandberg
|
0-0: Ball 1-0: Ball 2-0: Called Strike 2-1: Foul Ball, location: 2F 2-2: Foul Ball, location: 2F 2-2: Foul Ball, location: 2F 2-2: Strikes out looking
|
|
Batting: RHB Greg Griffin
|
0-0: Called Strike 0-1: Ball 1-1: Ball 2-1: Called Strike 2-2: Foul Ball, location: 2F 2-2: Foul Ball, location: 2F 2-2: Strikes out looking
|
| Top of the 7th over - 0 runs, 0 hits, 0 errors, 0 left on base; Quad Cities 1 - Wisconsin Rapids 6 |
| BOTTOM OF THE 7TH |
|
Wisconsin Rapids Timber Rattlers batting - Pitching for Quad Cities Angels : RHP Rickey Lear
|
|
Batting: LHB Jerry George
|
0-0: SINGLE (Groundball, 6D, EV 111.3 MPH)
|
|
Batting: LHB Jeff Kenaga
|
0-0: Called Strike Jerry George steals 2nd base 0-1: Ball 1-1: Swinging Strike 1-2: Strikes out swinging
|
|
Batting: LHB Jimmy Hickman
|
0-0: Ball 1-0: Foul Ball, location: 2F 1-1: Ball 2-1: Called Strike 2-2: Foul Ball, location: 2F 2-2: Ball 3-2: Fly out, F6 (Popup, 6, EV 62.5 MPH)
|
|
Batting: RHB Mitchell Cipolla
|
0-0: Foul Ball, location: 2F 0-1: Swinging Strike 0-2: Ball 1-2: Ball 2-2: Foul Ball, location: 2F 2-2: Foul Ball, location: 2F 2-2: Foul Ball, location: 2F 2-2: Foul Ball, location: 2F 2-2: SINGLE (Groundball, 6MD, EV 107.5 MPH) Jerry George to third Runner from 3rd tries for Home, SAFE, throw by CF to home
|
|
Batting: RHB Carlos Amezcua
|
0-0: Called Strike 0-1: Ball 1-1: Ball 2-1: Ball 3-1: Ground out 4-3 (Groundball, 4, EV 86.9 MPH)
|
| Bottom of the 7th over - 1 run, 2 hits, 0 errors, 1 left on base; Quad Cities 1 - Wisconsin Rapids 7 |
| TOP OF THE 8TH |
|
Quad Cities Angels batting - Pitching for Wisconsin Rapids Timber Rattlers : RHP Timothy Kammeyer
|
|
Batting: RHB Cecil Strawn
|
0-0: Called Strike 0-1: Ball 1-1: Ball 2-1: Swinging Strike 2-2: Foul Ball, location: 2F 2-2: Strikes out looking
|
|
Batting: RHB Mark Riemer
|
0-0: Ball 1-0: Called Strike 1-1: Foul Ball, location: 2F 1-2: Ball 2-2: Foul Ball, location: 2F 2-2: Ground out 4-3 (Groundball, 34, EV 79.4 MPH)
|
|
Batting: RHB Carlos Rios
|
0-0: Ground out 4-3 (Groundball, 4, EV 103.8 MPH)
|
| Top of the 8th over - 0 runs, 0 hits, 0 errors, 0 left on base; Quad Cities 1 - Wisconsin Rapids 7 |
| BOTTOM OF THE 8TH |
|
Wisconsin Rapids Timber Rattlers batting - Pitching for Quad Cities Angels : RHP Rickey Lear
|
|
Batting: RHB Charles Stafford
|
0-0: Ball 1-0: Ball 2-0: Ball 3-0: Base on Balls
|
|
Pitching: RHP David Mangrum
|
|
|
Batting: RHB Tim Pyznarski
|
0-0: Called Strike 0-1: Swinging Strike 0-2: Foul Ball, location: 2F 0-2: Fly out, F9 (Flyball, 9, EV 88.1 MPH)
|
|
Batting: RHB Justin Andrews
|
0-0: Fly out, F8 (Flyball, 8RM, EV 81.3 MPH)
|
|
Batting: LHB Greg Smith
|
0-0: Ball 1-0: SINGLE (Groundball, 34D, EV 100.0 MPH) Charles Stafford to second Runner from 2nd tries for 3rd, SAFE, no throw by RF
|
|
Batting: LHB Jerry George
|
0-0: Foul Ball, location: 2F 0-1: Ball 1-1: Foul Ball, location: 2F 1-2: Foul Ball, location: 2F 1-2: Ball 2-2: SINGLE (Groundball, 34D, EV 101.3 MPH) Charles Stafford scores Greg Smith to second Runner from 2nd tries for 3rd, SAFE, no throw by RF
|
|
Batting: LHB Jeff Kenaga
|
0-0: Swinging Strike 0-1: Fly out, F8 (Line Drive, 8LM, EV 93.8 MPH)
|
| Bottom of the 8th over - 1 run, 2 hits, 0 errors, 2 left on base; Quad Cities 1 - Wisconsin Rapids 8 |
| TOP OF THE 9TH |
|
Quad Cities Angels batting - Pitching for Wisconsin Rapids Timber Rattlers : RHP Timothy Kammeyer
|
|
Batting: RHB Lance Ediger
|
0-0: Ball 1-0: Ground out 5-3 (Groundball, 5, EV 109.4 MPH)
|
|
Batting: RHB Rolando Roomes
|
0-0: Foul Ball, location: 2F 0-1: Swinging Strike 0-2: Ball 1-2: Strikes out swinging
|
|
Batting: RHB Oscar Mejia
|
0-0: Swinging Strike 0-1: Foul Ball, location: 2F 0-2: Ball 1-2: Foul Ball, location: 2F 1-2: Fly out, F6 (Flyball, 6MD, EV 91.3 MPH)
|
| Top of the 9th over - 0 runs, 0 hits, 0 errors, 0 left on base; Quad Cities 1 - Wisconsin Rapids 8 |
|